 Dungeon Crawl Stone Soup version 0.28.0-43-g3370ac3207 (webtiles) character file.

Game seed: 8385110636164226017

235 themarg the Insei (level 6, -6/37 (47) HPs)
             Began as a Gnoll Transmuter on Mar 25, 2022.
             Was a Believer of Qazlal.
             Mangled by a hell rat (8 damage)
             ... in a sewer.
             The game lasted 00:12:18 (3459 turns).

themarg the Insei (Gnoll Transmuter)                Turns: 3459, Time: 00:12:19

HP:   -6/37 (47)    AC:  3    Str:  9    XL:     6   Next: 6%
MP:   12/13         EV: 13    Int: 14    God:    Qazlal [**....]
Gold: 42            SH:  2    Dex: 13    Spells: 12/15 levels left

rFire   . . .      SeeInvis .   b - +0 short sword
rCold   . . .      Faith    .   (no shield)
rNeg    . . .      Spirit   .   o - +0 leather armour
rPois   .          Reflect  .   (helmet currently unavailable)
rElec   .          Harm     .   (no cloak)
rCorr   .          Rampage  .   (no gloves)
Will    .....                   (boots currently unavailable)
Stlth   +.........              (no amulet)
HPRegen 0.12/turn               (no ring)
MPRegen 0.13/turn               (no ring)

@: appendages (expiring), wereblooded, heavily drained, very slow
A: horns 2, talons 2, fangs 1, strong nose, distributed training
a: End Transformation, Renounce Religion, Upheaval


You were in a sewer.
You worshipped Qazlal.
Qazlal was pleased with you.
You had temporarily grown beastly horns and talons.
You visited 1 branch of the dungeon, and saw 4 of its levels.
You also visited: Sewer.

You collected 172 gold pieces.
You spent 130 gold pieces at shops.

Inventory:

Hand Weapons
 a - a +4 hunting sling
 b - a +0 short sword (weapon)
Missiles
 c - 10 stones
 e - 14 sling bullets
 i - 3 boomerangs
 m - 2 poisoned darts
Armour
 f - a +0 helmet (melded)
 o - a +0 leather armour (worn)
Scrolls
 h - 3 scrolls of blinking
 j - a scroll of immolation {unknown}
 k - a scroll of enchant weapon {unknown}
 l - 2 scrolls of teleportation {unknown}
 r - a scroll of fog {unknown}
Potions
 d - a potion of cancellation {unknown}
 g - 2 potions of mutation
 n - 2 potions of curing
 p - a potion of might {unknown}
 s - a potion of degeneration {unknown}


   Skills:
 + Level 3.1 Fighting
 + Level 1.8 Short Blades
 + Level 1.8 Long Blades
 + Level 1.8 Axes
 + Level 1.8 Maces & Flails
 + Level 1.8 Polearms
 + Level 1.8 Staves
 + Level 1.8 Slings
 + Level 1.8 Bows
 + Level 1.8 Crossbows
 + Level 1.8 Throwing
 + Level 1.8 Armour
 + Level 4.9 Dodging
 + Level 1.8 Stealth
 + Level 1.8 Shields
 + Level 6.8 Unarmed Combat
 + Level 5.3 Spellcasting
 + Level 1.4 Conjurations
 + Level 1.4 Hexes
 + Level 1.4 Summonings
 + Level 1.4 Necromancy
 + Level 1.4 Translocations
 + Level 4.0 Transmutations
 + Level 1.4 Fire Magic
 + Level 1.4 Ice Magic
 + Level 1.4 Air Magic
 + Level 1.4 Earth Magic
 + Level 1.4 Poison Magic
 + Level 2.0 Invocations
 + Level 1.8 Evocations


You had 12 spell levels left.
You knew the following spells:

 Your Spells              Type           Power      Damage    Failure   Level
a - Beastly Appendage     Tmut           30%        N/A       4%          1
b - Wereblood             Tmut           15%        N/A       7%          2

Your spell library contained the following spells:

 Spells                   Type           Power      Damage    Failure   Level
 Spider Form              Tmut/Pois      11%        N/A       22%         3
 Ice Form                 Ice/Tmut       11%        N/A       58%         4


Dungeon Overview and Level Annotations

Branches:
Dungeon (4/15)              Sewer (1/1)
 Temple: D:4-7

Altars:
Qazlal
Ru

Shops:
D:3 ?


Innate Abilities, Weirdness & Mutations

You have temporarily grown beastly horns and talons.
You have very sharp teeth.
Your uncanny sense of smell can sniff out nearby items.
Your experience applies equally to all skills.


Message History

Confirm with . or Enter, or press ? or * to list all spells.
You grow a pair of large bovine horns.
Your feet morph into talons.
Your +0 helmet melds into your body.
Casting: Beastly Appendage (safe; 4% risk of failure)
Confirm with . or Enter, or press ? or * to list all spells.
Your blood is infused with primal strength.
The hell rat splashes around in the water.
You barely miss the hell rat. Your kick misses the hell rat.
You bite the hell rat, but do no damage.
The hell rat barely misses you.
You closely miss the hell rat. Your punch misses the hell rat.
The hell rat bites you but does no damage.
The hell rat splashes around in the water.
You barely miss the hell rat. Your kick misses the hell rat.
You bite the hell rat, but do no damage.
The hell rat bites you!
You feel drained.
You hit the hell rat but do no damage.
You punch the hell rat, but do no damage.
The hell rat bites you.
You feel drained.
You closely miss the hell rat.
You bite the hell rat, but do no damage.
The hell rat barely misses you.
You barely miss the hell rat.
You bite the hell rat, but do no damage.
The hell rat bites you.
You feel drained.
You hit the hell rat but do no damage. Your headbutt misses the hell rat.
The hell rat splashes around in the water.
The hell rat misses you.
You hit the hell rat but do no damage.
You claw the hell rat, but do no damage.
You bite the hell rat, but do no damage.
The hell rat bites you.
You feel drained.
You enter the shallow water.
Moving in this stuff is going to be slow.
The hell rat bites you but does no damage.
Your transformation is almost over.
The hell rat bites you!
* * * LOW HITPOINT WARNING * * *
You feel drained.
You die...

###..†.≈∩≈≈≈≈.###
#..≈≈≈#####≈≈...#
##..≈###?∩!###..≈#
#...##.!???!≈##..≈#
#≈≈≈#.≈≈≈≈≈.≈≈#≈..#
#.≈.##.≈≈≈≈≈. #≈.≈#
##≈†≈###.≈.###≈≈≈##
#≈..☼.##'##≈≈≈≈≈#
###.≈@r≈≈≈≈..≈###
###≈≈≈..≈≈###
#########


You could see a hell rat.

Vanquished Creatures
  An orc priest (D:4)
  An orc wizard (D:4)
  An iguana (D:4)
  A hound skeleton (D:4)
  4 adders
  3 river rats (Sewer)
  A worm (D:1)
  A dart slug (D:1)
  9 orcs
  7 ball pythons
  3 bats
  4 endoplasms (D:1)
  3 giant cockroaches
  4 goblins
  8 hobgoblins
  2 quokkas
  A frilled lizard (D:1)
  5 kobolds
  9 rats
68 creatures vanquished.

Notes
Turn   | Place    | Note
-------+----------+-------------------------------------------
     0 | D:1      | themarg the Gnoll Transmuter began the quest for the Orb.
     0 | D:1      | Reached XP level 1. HP: 17/17 MP: 6/6
   214 | D:1      | Reached XP level 2. HP: 17/23 MP: 5/7
   853 | D:1      | Reached skill level 5 in Spellcasting
   853 | D:1      | Reached XP level 3. HP: 28/28 MP: 6/9
  1206 | D:1      | Found a faded altar of an unknown god.
  1209 | D:1      | Prayed at the altar of an unknown god.
  1209 | D:1      | Became a worshipper of Qazlal Stormbringer
  1209 | D:1      | Reached * piety under Qazlal
  1506 | D:2      | Found a sacrificial altar of Ru.
  1511 | D:2      | Reached skill level 1 in Invocations
  1563 | D:2      | Reached skill level 1 in Short Blades
  1563 | D:2      | Reached skill level 1 in Long Blades
  1563 | D:2      | Reached skill level 1 in Axes
  1563 | D:2      | Reached skill level 1 in Maces & Flails
  1563 | D:2      | Reached skill level 1 in Polearms
  1563 | D:2      | Reached skill level 1 in Staves
  1563 | D:2      | Reached skill level 1 in Slings
  1563 | D:2      | Reached skill level 1 in Bows
  1563 | D:2      | Reached skill level 1 in Crossbows
  1563 | D:2      | Reached skill level 1 in Throwing
  1563 | D:2      | Reached skill level 1 in Armour
  1563 | D:2      | Reached skill level 1 in Stealth
  1563 | D:2      | Reached skill level 1 in Shields
  1563 | D:2      | Reached skill level 1 in Evocations
  1664 | D:2      | Learned a level 2 spell: Wereblood
  2209 | D:3      | Found Xoniw's Magic Scroll Shoppe.
  2214 | D:3      | Bought a scroll of blinking for 75 gold pieces
  2214 | D:3      | Bought a scroll of magic mapping for 35 gold pieces
  2214 | D:3      | Bought a scroll of identify for 20 gold pieces
  2283 | D:3      | Reached XP level 4. HP: 34/34 MP: 11/11
  2679 | D:4      | Found a glowing drain.
  2690 | D:4      | Reached skill level 1 in Conjurations
  2690 | D:4      | Reached skill level 1 in Hexes
  2690 | D:4      | Reached skill level 1 in Summonings
  2690 | D:4      | Reached skill level 1 in Necromancy
  2690 | D:4      | Reached skill level 1 in Translocations
  2690 | D:4      | Reached skill level 1 in Fire Magic
  2690 | D:4      | Reached skill level 1 in Ice Magic
  2690 | D:4      | Reached skill level 1 in Air Magic
  2690 | D:4      | Reached skill level 1 in Earth Magic
  2690 | D:4      | Reached skill level 1 in Poison Magic
  2699 | D:4      | Reached XP level 5. HP: 18/40 MP: 9/12
  2790 | D:4      | Reached ** piety under Qazlal
  2979 | Sewer    | Entered a sewer
  2997 | Sewer    | HP: 1/41 [river rat (3)]
  3324 | Sewer    | Reached XP level 6. HP: 47/47 MP: 13/13
  3459 | Sewer    | Mangled by a hell rat

Illustrated notes

Levels and vault maps discovered:
D:1:      amcnicky_arrival_abandoned_market, layout_basic,
          hellmonk_ecumenical_altar_inner_sanctum, serial_glass,
          glass_columns_a, glass_columns_c, fountainhead,
          hangedman_decor_points, chequers_hall_statues_corner_a,
          minmay_crystal_room, minmay_misc_feat_rows, minmay_statues_item,
          roderic_lattice_a, nicolae_wormholes
D:2:      layout_rooms, basic_altar
D:3:      layout_basic, serial_shops, shop, moated_statue
D:4:      layout_loops_ring, serial_shops, shop, gup_sewer_entry_glass,
          kennysheep_decorative_pillar
Sewer:    sewer_hellmonk_bad_rat

Skill      XL: |  1  2  3  4  5 |
---------------+----------------+-----
Spellcasting   | 5 |  5.3
Invocations    | 1 2 |  2.0
Short Blades   | 1 |  1.8
Long Blades    | 1 |  1.8
Axes           | 1 |  1.8
Maces & Flails | 1 |  1.8
Polearms       | 1 |  1.8
Staves         | 1 |  1.8
Slings         | 1 |  1.8
Bows           | 1 |  1.8
Crossbows      | 1 |  1.8
Throwing       | 1 |  1.8
Armour         | 1 |  1.8
Stealth        | 1 |  1.8
Shields        | 1 |  1.8
Evocations     | 1 |  1.8
Conjurations   | 1 |  1.4
Hexes          | 1 |  1.4
Summonings     | 1 |  1.4
Necromancy     | 1 |  1.4
Translocations | 1 |  1.4
Fire Magic     | 1 |  1.4
Ice Magic      | 1 |  1.4
Air Magic      | 1 |  1.4
Earth Magic    | 1 |  1.4
Poison Magic   | 1 |  1.4
Fighting       | 3 |  3.1
Transmutations | 4 |  4.0
Dodging        | |  4.9
Unarmed Combat | |  6.8

Action                   |  1- 3 |  4- 6 || total
-------------------------+-------+-------++-------
Melee: Short sword       |    87 |    45 ||   132
       Unarmed           |     4 |       ||     4
       Kick              |    17 |     8 ||    25
       Headbutt          |    13 |     5 ||    18
       Punch             |     3 |     4 ||     7
       Bite              |     5 |     6 ||    11
 Fire: Hunting sling     |    11 |    80 ||    91
 Cast: Beastly Appendage |    19 |     7 ||    26
       Wereblood         |       |     3 ||     3
  Use: Scroll            |       |     2 ||     2
       Potion            |       |     1 ||     1
 Stab: Sleeping          |     2 |       ||     2
Armor: Robe              |    11 |       ||    11
       Leather armour    |       |    16 ||    16
Dodge: Dodged            |    74 |    45 ||   119
Block: Other             |     1 |     4 ||     5
